 Dungeon Crawl Stone Soup version 0.24.1 (webtiles) character file.

Game seed: 2090345014504537681, levelgen mode: deterministic

144 Descartes the Magician (level 5, -6/28 HPs)
             Began as a Deep Elf Air Elementalist on Mar 29, 2020.
             Was an Initiate of Vehumet.
             Killed by divine providence
             ... invoked by an orc priest
              (11 damage)
             ... on level 4 of the Dungeon.
             The game lasted 00:09:29 (3354 turns).

Descartes the Magician (Deep Elf Air Elementalist)  Turns: 3354, Time: 00:09:30

Health: -6/28      AC:  3    Str:  5    XL:     5   Next: 5%
Magic:  9/14       EV: 13    Int: 21    God:    Vehumet [......]
Gold:   178        SH:  2    Dex: 15    Spells: 12/13 levels left

rFire    + . .     SeeInvis .   j - +2 short sword (elec)
rCold    . . .     Gourm    .   (no shield)
rNeg     . . .     Faith    .   a - +0 robe
rPois    .         Spirit   .   (no helmet)
rElec    .         Reflect  +   (no cloak)
rCorr    .         Harm     .   d - +0 pair of gloves
MR       +....                  (no boots)
Stlth    ++........             n - +2 amulet of reflection
HPRegen  0.09/turn              r - ring of protection from magic
MPRegen  0.14/turn              f - ring of protection from fire

@: no status effects
A: no striking features
a: Renounce Religion


You were on level 4 of the Dungeon.
You worshipped Vehumet.
Vehumet was noncommittal.
You were not hungry.

You visited 1 branch of the dungeon, and saw 4 of its levels.

You collected 178 gold pieces.

Inventory:

Hand Weapons
 j - a +2 short sword of electrocution (weapon)
Missiles
 b - 89 stones (quivered)
 l - 10 poisoned darts
 t - 10 arrows
Armour
 a - a +0 robe (worn)
 d - a +0 pair of gloves (worn)
 i - a +0 large shield
Jewellery
 f - a ring of protection from fire (right hand)
 n - a +2 amulet of reflection (around neck)
 r - a ring of protection from magic (left hand)
Scrolls
 g - a scroll of remove curse
 h - 3 scrolls of identify
 m - a scroll of noise {unknown}
 u - a scroll of fear
 w - 3 scrolls of enchant armour {unknown}
Potions
 e - a potion of cancellation {unknown}
 k - a potion of magic
 o - a potion of flight
 p - 2 potions of agility
 q - a potion of heal wounds {unknown}
 s - 2 potions of curing {unknown}
Comestibles
 c - 7 rations


   Skills:
 + Level 2.9 Dodging
 + Level 2.8 Stealth
 + Level 4.8 Spellcasting
 + Level 2.3 Conjurations
 + Level 4.1 Air Magic


You had 12 spell levels left.
You knew the following spells:

 Your Spells              Type           Power        Failure   Level  Hunger
a - Shock                 Conj/Air       ###.         3%          1    None

Your spell library contained the following spells:

 Spells                   Type           Power        Failure   Level  Hunger
 Swiftness                Chrm/Air       ##......     7%          2    None
 Static Discharge         Conj/Air       ###.....     9%          3    ##.....
 Airstrike                Air            ###.......   21%         4    ####...
 Lightning Bolt           Conj/Air       ###.......   63%         5    #####..


Dungeon Overview and Level Annotations

Branches:
Dungeon (4/15)
 Temple: D:4-7

Altars:
Ashenzari
Cheibriados
Fedhas
Gozag
Qazlal
Sif Muna
Vehumet
Xom
Zin


Message History

The orc priest miscasts a cantrip.
Casting: Shock (safe; 3% risk of failure)
Confirm with . or Enter, or press ? or * to list all spells.
Aiming: Shock (safe; 3% risk of failure)
Press: ? - help, Shift-Dir - straight line, f/p - orc priest
Aim: an orc priest, wielding a +0 mace (severely wounded)
The zap hits the orc.
The orc is heavily wounded.
The zap hits the orc priest.
The orc priest is almost dead.
The orc closely misses you.
The orc priest calls upon Beogh to heal the orc.
The orc's wounds heal themselves!
The orc throws a boomerang.
The boomerang hits you.
* * * LOW HITPOINT WARNING * * *
There are monsters nearby!
Found a stone staircase leading up.
The orc priest mumbles some strange prayers to Beogh against you.
Beogh smites you!
You die...

. .. ... ....
..... ......####
...<...@.#
......##.#
.#######o########
................
######.........#
#.........#
..oo.......#
##..oo...$..#
...........#


You could see an orc priest and 3 orcs.

Vanquished Creatures
  Natasha (D:2)
  A worker ant (D:2)
  4 adders
  2 worms (D:2)
  A dart slug (D:2)
  3 leopard geckos
  2 orcs (D:3)
  8 bats
  A giant cockroach (D:3)
  5 goblins
  7 hobgoblins
  2 quokkas (D:2)
  A ball python (D:1)
  4 frilled lizards
  5 kobolds
  4 rats
51 creatures vanquished.

Notes
Turn   | Place    | Note
-------+----------+-------------------------------------------
     0 | D:1      | Descartes the Deep Elf Air Elementalist began the quest for
                  | the Orb.
     0 | D:1      | Reached XP level 1. HP: 10/10 MP: 6/6
   174 | D:1      | You fall into a shaft and drop 1 floor!
   235 | D:2      | Found a shimmering blue altar of Sif Muna.
   258 | D:2      | Reached XP level 2. HP: 15/15 MP: 1/8
   435 | D:2      | Reached XP level 3. HP: 19/19 MP: 3/10
  1332 | D:3      | Found a radiant altar of Vehumet.
  1339 | D:3      | Reached XP level 4. HP: 24/24 MP: 8/11
  1470 | D:3      | Found a shimmering altar of Xom.
  1771 | D:3      | Became a worshipper of Vehumet
  1809 | D:3      | Found a shattered altar of Ashenzari.
  1811 | D:3      | Found a stormy altar of Qazlal.
  1817 | D:3      | Found a glowing silver altar of Zin.
  1817 | D:3      | Found an opulent altar of Gozag.
  1817 | D:3      | Found a blossoming altar of Fedhas.
  1819 | D:3      | Found a radiant altar of Vehumet.
  1822 | D:3      | Found a snail-covered altar of Cheibriados.
  2443 | D:2      | Noticed Natasha
  2451 | D:2      | Killed Natasha
  2584 | D:1      | Reached XP level 5. HP: 24/28 MP: 8/14
  3354 | D:4      | Killed from afar by an orc priest

Levels and vault maps discovered:
D:1:      lemuel_arrival_cross, layout_basic
D:2:      layout_loops_ring, old_standard_altar, hangedman_decor_diamond_cutter,
          kennysheep_path_1, minmay_joined_circles, uniq_natasha
D:3:      layout_basic, nicolae_overflow_crystal_walls, minitemple,
          first_ration, lemuel_tele_altar
D:4:      layout_basic, overflow_temple_1_default, nicolae_ashenzari_panopticon

Skill      XL: |  1  2  3  4 |
---------------+-------------+-----
Conjurations   | 2 |  2.3
Spellcasting   | 4 |  4.8
Air Magic      | 4 |  4.1
Dodging        | |  2.9
Stealth        | |  2.8

Action                   |  1- 3 |  4- 6 || total
-------------------------+-------+-------++-------
Melee: Unarmed           |     5 |       ||     5
 Cast: Shock             |    70 |    44 ||   114
  Use: Scroll            |     5 |       ||     5
  Eat: Chunk             |       |     7 ||     7
Armor: Robe              |     5 |     1 ||     6
Dodge: Dodged            |    19 |     1 ||    20
